 Dungeon Crawl Stone Soup version 0.22-a0-271-gc000056a37 (webtiles) character file.

107 Manul the Sneak (level 4, -6/34 HPs)
             Began as a Demonspawn Assassin on Mar 10, 2018.
             Killed by divine providence
             ... invoked by an orc priest
              (11 damage)
             ... on level 3 of the Dungeon.
             The game lasted 00:01:47 (2197 turns).

Manul the Sneak (Demonspawn Assassin)               Turns: 2197, Time: 00:01:47

Health: -6/34      AC:  9    Str: 11    XL:     4   Next: 56%
Magic:  4/4        EV: 10    Int: 13    God:
Gold:   112        SH:  0    Dex: 15    Spells: 3/3 levels left

rFire    . . .     SeeInvis .   a - +2 dagger
rCold    + . .     Gourm    .   (no shield)
rNeg     . . .     Faith    +   o - +0 ring mail (curse)
rPois    .         Spirit   .   (no helmet)
rElec    .         Reflect  .   d - +0 cloak
rCorr    .         Harm     .   t - +1 pair of gloves
MR       .....                  y - +0 pair of boots
Stlth    +++.......             l - amulet of faith
HPRegen  0.11/turn              n - ring of ice
MPRegen  0.09/turn              u - ring of stealth

@: no status effects
A: fire resistance 1
a: no special abilities


You were on level 3 of the Dungeon.
You were not hungry.

You visited 1 branch of the dungeon, and saw 3 of its levels.

You collected 112 gold pieces.

Inventory:

Hand Weapons
 a - a +2 dagger (weapon)
 b - a +0 blowgun
Missiles
 e - 5 poisoned needles
 f - 2 curare-tipped needles
Armour
 c - a +0 robe
 d - a +0 cloak (worn)
 o - a cursed +0 ring mail (worn)
 q - a cursed +0 robe
 t - a +1 pair of gloves (worn)
 y - a +0 pair of boots (worn)
Jewellery
 l - an amulet of faith (around neck)
 n - a ring of ice (left hand)
 u - a ring of stealth (right hand)
Scrolls
 i - a scroll of blinking {unknown}
 j - a scroll of enchant armour {unknown}
 k - 2 scrolls of remove curse {unknown}
 m - 6 scrolls of identify {unknown}
 s - a scroll of enchant weapon {unknown}
 w - a scroll of fog {unknown}
 z - a scroll of magic mapping {unknown}
Potions
 h - a potion of ambrosia {unknown}
 r - a potion of flight {unknown}
 v - 2 potions of heal wounds {unknown}
 x - a potion of lignification {unknown}
Comestibles
 g - 2 rations
 p - 3 chunks of flesh


   Skills:
 + Level 2.3 Fighting
 + Level 2.6 Short Blades
 + Level 1.9 Throwing
 + Level 0.8 Armour
 + Level 1.1 Dodging
 * Level 4.7 Stealth


You had 3 spell levels left.
You didn't know any spells.

Dungeon Overview and Level Annotations

Branches:
Dungeon (3/15)

Altars:
Fedhas
Qazlal
Trog
Xom


Innate Abilities, Weirdness & Mutations

Your flesh is heat resistant. (rF+)


Message History

The orc hits you but does no damage.
The orc priest calls upon Beogh to heal the orc.
The orc's wounds heal themselves!
You barely miss the orc. The orc hits you but does no damage.
The orc priest miscasts a cantrip.
You barely miss the orc. The orc barely misses you.
You hit the orc.
The orc is moderately wounded.
The orc closely misses you.
You closely miss the orc.
The orc is moderately wounded.
The orc hits you but does no damage.
You hit the orc but do no damage.
The orc is moderately wounded.
The orc hits you but does no damage.
You barely miss the orc.
The orc is moderately wounded.
The orc priest mumbles some strange prayers to Beogh against you.
Beogh smites you!
You die...

......# #.# #(.r..# #.# (....#
#.# #(...# #.# #..o.# #(#### #
#(...# #.##.## ##.#....#
#.#.#.##
#.......########.)###.######.#
.....#.....oJoo@...## ##........
###.##.#..#########.###.######.#
.........# ##.#.## .#.##.##.#
##.## .......[.###########.#
###...................#
#######.############# #.# ..#


You could see an orc priest, an ooze and 2 orcs.

Vanquished Creatures
  Terence (D:3)
  A worker ant zombie (D:2)
  2 adders (D:2)
  An ooze (D:2)
  2 dart slugs (D:1)
  5 leopard geckos
  An orc (D:3)
  A giant cockroach (D:1)
  3 goblins
  4 hobgoblins
  A jackal (D:1)
  4 bats
  2 frilled lizards
  7 kobolds
  6 rats
41 creatures vanquished.

Notes
Turn   | Place    | Note
-------+----------+-------------------------------------------
     0 | D:1      | Manul the Demonspawn Assassin began the quest for the Orb.
     0 | D:1      | Reached XP level 1. HP: 16/16 MP: 1/1
   529 | D:1      | Reached skill level 4 in Stealth
   532 | D:1      | Gained mutation: Your flesh is heat resistant. (rF+) [demonic ancestry]
   532 | D:1      | Reached XP level 2. HP: 22/22 MP: 2/2
  1077 | D:1      | Found a radiant altar of Vehumet.
  1079 | D:1      | Found a basalt altar of Yredelemnul.
  1079 | D:1      | Found a shimmering altar of Xom.
  1081 | D:1      | Found a shimmering altar of Xom.
  1081 | D:1      | Found a stormy altar of Qazlal.
  1081 | D:1      | Found a blossoming altar of Fedhas.
  1267 | D:2      | Reached XP level 3. HP: 27/27 MP: 3/3
  1310 | D:2      | Reached skill level 1 in Dodging
  1621 | D:2      | Reached XP level 4. HP: 34/34 MP: 4/4
  1846 | D:2      | Found a bloodstained altar of Trog.
  2057 | D:3      | Noticed Terence
  2062 | D:3      | Killed Terence
  2197 | D:3      | Killed from afar by an orc priest

Vault maps used:
D:1:      dpeg_arrival_brainrot, doesnt_xom_only_xom
D:2:      lemuel_coloured_pillars_altar, minmay_misc_feat_tiny
D:3:      uniq_ijyb, uniq_terence

Skill      XL: |  1  2  3 |
---------------+----------+-----
Stealth        | 4 |  4.7
Short Blades   | 2 |  2.6
Dodging        | 1 |  1.1
Fighting       | |  2.3
Throwing       | |  1.9
Armour         | |  0.8

Action                   |  1- 3 |  4- 6 || total
-------------------------+-------+-------++-------
Melee: Dagger            |    94 |    40 ||   134
 Fire: Blowgun           |       |     3 ||     3
 Stab: Sleeping          |    10 |     1 ||    11
  Eat: Chunk             |     2 |     2 ||     4
Armor: Robe              |     8 |       ||     8
       Ring mail         |    38 |    16 ||    54
Dodge: Dodged            |    52 |    14 ||    66

Table legend:
 A = Spawn XP
 B = Non-spawn XP
 C = Spawn XP percentage of total XP
 D = Spawn monster count
 E = Non-spawn monster count
 F = Spawn count percentage of total count
 G = Total turns spent on level
                    A         B        C        D         E        F      G
               +---------+---------+-------+---------+---------+-------+---------
         Total |       0 |     153 |   0.0 |       0 |      41 |   0.0 |  2197
               +---------+---------+-------+---------+---------+-------+---------
           D:1 |       0 |      37 |   0.0 |       0 |      19 |   0.0 |  1215
           D:2 |       0 |      73 |   0.0 |       0 |      18 |   0.0 |   815
           D:3 |       0 |      43 |   0.0 |       0 |       4 |   0.0 |   167
               +---------+---------+-------+---------+---------+-------+---------
